TOP OF THE 1ST |
Newark Black Sox batting - Pitching for Williamsport Greys : RHP Andy Araujo
|
Pitching: RHP Andy Araujo
|
|
Batting: RHB Rafael Belliard
|
0-0: Ball 1-0: Ball 2-0: Foul Ball, location: 2F 2-1: Ball 3-1: Fly out, F9 (Flyball, 89M, EV 86.3 MPH)
|
Batting: RHB Ellis Burks
|
0-0: Foul Ball, location: 2F 0-1: Fly out, F9 (Flyball, 9S, EV 80.6 MPH)
|
Batting: RHB Moises Acosta
|
0-0: Called Strike 0-1: Ground out 6-3 (Groundball, 6, EV 82.5 MPH)
|
Top of the 1st over - 0 runs, 0 hits, 0 errors, 0 left on base; Newark 0 - Williamsport 0 |
BOTTOM OF THE 1ST |
Williamsport Greys batting - Pitching for Newark Black Sox : RHP Tony Gomez
|
Pitching: RHP Tony Gomez
|
|
Batting: RHB Omar Garcia
|
0-0: Foul Ball, location: 2F 0-1: Ball 1-1: Foul Ball, location: 2F 1-2: Ball 2-2: Ground out 4-3 (Groundball, 4, EV 80.6 MPH)
|
Batting: SHB Chris Howard
|
0-0: Ball 1-0: Ball 2-0: Called Strike 2-1: Foul Ball, location: 2F 2-2: Strikes out swinging
|
Batting: LHB Angel Bayron
|
0-0: Called Strike 0-1: Ball 1-1: Swinging Strike 1-2: Ball 2-2: DOUBLE (Flyball, 78D, EV 103.1 MPH)
|
Batting: RHB Rodney Martin
|
0-0: Ball 1-0: Ball 2-0: Swinging Strike 2-1: Ball 3-1: Base on Balls
|
Batting: RHB Doug Carpenter
|
0-0: Ball Wild Pitch! Angel Bayron to third Rodney Martin to second 1-0: Swinging Strike 1-1: Ball 2-1: Foul Ball, location: 2F 2-2: Ball 3-2: Fly out, F7 (Flyball, 7, EV 82.5 MPH)
|
Bottom of the 1st over - 0 runs, 1 hit, 0 errors, 2 left on base; Newark 0 - Williamsport 0 |
TOP OF THE 2ND |
Newark Black Sox batting - Pitching for Williamsport Greys : RHP Andy Araujo
|
Batting: RHB Adrien Perkins
|
0-0: Called Strike 0-1: Foul Ball, location: 2F 0-2: Ball 1-2: DOUBLE (Line Drive, 9LS, EV 93.8 MPH)
|
Batting: RHB Ignacio Velasquez
|
0-0: Ball 1-0: Ball 2-0: Ball 3-0: Called Strike 3-1: Called Strike 3-2: Foul Ball, location: 2F 3-2: Fly out, F4 (Popup, 4D, EV 50.6 MPH)
|
Batting: RHB Jerry Bendorf
|
0-0: Ball 1-0: Ball 2-0: Foul Ball, location: 2F 2-1: Swinging Strike 2-2: Ball 3-2: Ground out 5-3 (Groundball, 56S, EV 86.9 MPH)
|
Batting: LHB Casey Glenn
|
0-0: Ball 1-0: Ball 2-0: Foul Ball, location: 2F 2-1: Ball 3-1: Ground out 6-3 (Groundball, 6M, EV 104.4 MPH)
|
Top of the 2nd over - 0 runs, 1 hit, 0 errors, 1 left on base; Newark 0 - Williamsport 0 |
BOTTOM OF THE 2ND |
Williamsport Greys batting - Pitching for Newark Black Sox : RHP Tony Gomez
|
Batting: SHB Edwin Darling
|
0-0: Foul Ball, location: 2F 0-1: Fly out, F9 (Flyball, 89D, EV 85.0 MPH)
|
Batting: RHB Eddie Williams
|
0-0: Called Strike 0-1: Ball 1-1: Called Strike 1-2: Foul Ball, location: 2F 1-2: Ball 2-2: Ground out 4-3 (Groundball, 4M, EV 80.0 MPH)
|
Batting: RHB Samuel Dotson
|
0-0: Foul Ball, location: 2F 0-1: Fly out, F8 (Flyball, 8RXD, EV 93.8 MPH)
|
Bottom of the 2nd over - 0 runs, 0 hits, 0 errors, 0 left on base; Newark 0 - Williamsport 0 |
TOP OF THE 3RD |
Newark Black Sox batting - Pitching for Williamsport Greys : RHP Andy Araujo
|
Batting: RHB Danny Griffin
|
0-0: Called Strike 0-1: Ball 1-1: Ground out 6-3 (Groundball, 6, EV 90.0 MPH)
|
Batting: RHB Orlando Gonzalez
|
0-0: Called Strike 0-1: Ball 1-1: Ball 2-1: Foul Ball, location: 2F 2-2: Fly out, F7 (Flyball, 7LM, EV 90.6 MPH)
|
Batting: RHB Rafael Belliard
|
0-0: Ball 1-0: Ground out U3 (Groundball, 34, EV 86.9 MPH)
|
Top of the 3rd over - 0 runs, 0 hits, 0 errors, 0 left on base; Newark 0 - Williamsport 0 |
BOTTOM OF THE 3RD |
Williamsport Greys batting - Pitching for Newark Black Sox : RHP Tony Gomez
|
Batting: RHB Brad Luther
|
0-0: Ball 1-0: Foul Ball, location: 2F 1-1: Called Strike 1-2: Ball 2-2: Strikes out swinging
|
Batting: RHB Omar Garcia
|
0-0: Foul Ball, location: 2F 0-1: Ball 1-1: Ground out 3-1 (Groundball, 34, EV 105.6 MPH)
|
Batting: SHB Chris Howard
|
0-0: Swinging Strike 0-1: Called Strike 0-2: SINGLE (Line Drive, 8LS, EV 100.6 MPH)
|
Batting: LHB Angel Bayron
|
0-0: Called Strike 0-1: Called Strike 0-2: Ball 1-2: Foul Ball, location: 2F 1-2: Ball 2-2: Ball 3-2: Ground out 5-3 (Groundball, 5, EV 107.5 MPH)
|
Bottom of the 3rd over - 0 runs, 1 hit, 0 errors, 1 left on base; Newark 0 - Williamsport 0 |
TOP OF THE 4TH |
Newark Black Sox batting - Pitching for Williamsport Greys : RHP Andy Araujo
|
Batting: RHB Ellis Burks
|
0-0: Ground out 1-3 (Groundball, 23, EV 62.5 MPH)
|
Batting: RHB Moises Acosta
|
0-0: Swinging Strike 0-1: Fly out, F8 (Flyball, 89S, EV 84.4 MPH)
|
Batting: RHB Adrien Perkins
|
0-0: Swinging Strike 0-1: Foul Ball, location: 2F 0-2: Ball 1-2: Ground out 6-3 (Groundball, 6, EV 103.8 MPH)
|
Top of the 4th over - 0 runs, 0 hits, 0 errors, 0 left on base; Newark 0 - Williamsport 0 |
BOTTOM OF THE 4TH |
Williamsport Greys batting - Pitching for Newark Black Sox : RHP Tony Gomez
|
Batting: RHB Rodney Martin
|
0-0: Called Strike 0-1: SINGLE (Line Drive, 78M, EV 105.6 MPH)
|
Batting: RHB Doug Carpenter
|
0-0: Foul Ball, location: 2F 0-1: Fielders Choice at 2nd, 3-6 (Groundball, 3, EV 105.0 MPH)
|
Batting: SHB Edwin Darling
|
0-0: Called Strike 0-1: Foul Ball, location: 2F 0-2: Ball 1-2: Grounds into double play, 5-4-3 (Groundball, 5, EV 76.9 MPH)
|
Bottom of the 4th over - 0 runs, 1 hit, 0 errors, 0 left on base; Newark 0 - Williamsport 0 |
TOP OF THE 5TH |
Newark Black Sox batting - Pitching for Williamsport Greys : RHP Andy Araujo
|
Batting: RHB Ignacio Velasquez
|
0-0: Called Strike 0-1: Foul Ball, location: 2F 0-2: Ball 1-2: Ball 2-2: Ball 3-2: Fly out, F4 (Flyball, 34D, EV 80.6 MPH)
|
Batting: RHB Jerry Bendorf
|
0-0: Called Strike 0-1: Ball 1-1: Ball 2-1: Swinging Strike 2-2: Ground out 4-3 (Groundball, 4, EV 96.3 MPH)
|
Batting: LHB Casey Glenn
|
0-0: Swinging Strike 0-1: Ball 1-1: Called Strike 1-2: Foul Ball, location: 2F 1-2: DOUBLE (Flyball, 8LXD, EV 105.6 MPH)
|
Batting: RHB Danny Griffin
|
0-0: Foul Ball, location: 2F 0-1: Called Strike 0-2: Ball 1-2: Fly out, F9 (Flyball, 9LS, EV 80.6 MPH)
|
Top of the 5th over - 0 runs, 1 hit, 0 errors, 1 left on base; Newark 0 - Williamsport 0 |
BOTTOM OF THE 5TH |
Williamsport Greys batting - Pitching for Newark Black Sox : RHP Tony Gomez
|
Batting: RHB Eddie Williams
|
0-0: Reached on error, E5 (Groundball, 56, EV 97.5 MPH)
|
Batting: RHB Samuel Dotson
|
0-0: Called Strike 0-1: Called Strike 0-2: Strikes out swinging
|
Batting: RHB Brad Luther
|
Pickoff Throw to First - Error! E1 Eddie Williams to second 0-0: Ball 1-0: Ball 2-0: Fly out, F8 (Flyball, 8RD, EV 92.5 MPH)
|
Batting: RHB Omar Garcia
|
0-0: Ball 1-0: Ball 2-0: Called Strike 2-1: Called Strike 2-2: Foul Ball, location: 2F 2-2: Ground out 4-3 (Groundball, 4MS, EV 91.3 MPH)
|
Bottom of the 5th over - 0 runs, 0 hits, 2 errors, 1 left on base; Newark 0 - Williamsport 0 |
TOP OF THE 6TH |
Newark Black Sox batting - Pitching for Williamsport Greys : RHP Andy Araujo
|
Batting: RHB Orlando Gonzalez
|
0-0: Ball 1-0: Called Strike 1-1: Ball 2-1: Fly out, F4 (Popup, 13, EV 76.9 MPH)
|
Batting: RHB Rafael Belliard
|
0-0: Ball 1-0: Ball 2-0: Called Strike 2-1: Ball 3-1: Swinging Strike 3-2: SINGLE (Line Drive, 89M, EV 105.6 MPH)
|
Batting: RHB Ellis Burks
|
0-0: Called Strike 0-1: Ball 1-1: Ball Rafael Belliard is caught stealing 2nd base 2-4 2-1: Ball 3-1: SINGLE (Line Drive, 7S, EV 106.3 MPH)
|
Batting: RHB Moises Acosta
|
0-0: Called Strike 0-1: Ball 1-1: Ground out 4-3 (Groundball, 4, EV 80.0 MPH)
|
Top of the 6th over - 0 runs, 2 hits, 0 errors, 1 left on base; Newark 0 - Williamsport 0 |
BOTTOM OF THE 6TH |
Williamsport Greys batting - Pitching for Newark Black Sox : RHP Tony Gomez
|
Batting: SHB Chris Howard
|
0-0: Ball 1-0: Foul Ball, location: 2F 1-1: Swinging Strike 1-2: Ball 2-2: Ball 3-2: Base on Balls
|
Batting: LHB Angel Bayron
|
0-0: Ball 1-0: Ball 2-0: Ball 3-0: Base on Balls Chris Howard to second
|
Batting: RHB Rodney Martin
|
0-0: Ball 1-0: DOUBLE (Groundball, 5L, EV 100.6 MPH) Chris Howard scores Angel Bayron to third
|
Batting: RHB Doug Carpenter
|
0-0: Called Strike 0-1: Swinging Strike 0-2: Ball 1-2: Ball 2-2: Foul Ball, location: 2F 2-2: Foul Ball, location: 2F 2-2: Foul Ball, location: 2F 2-2: Strikes out swinging
|
Batting: SHB Edwin Darling
|
0-0: Ball 1-0: Ball 2-0: Ball 3-0: Called Strike 3-1: Swinging Strike 3-2: Strikes out swinging
|
Batting: RHB Eddie Williams
|
0-0: Ball 1-0: Ball 2-0: Ground out 2-3 (Groundball, 2L, EV 61.9 MPH)
|
Bottom of the 6th over - 1 run, 1 hit, 0 errors, 2 left on base; Newark 0 - Williamsport 1 |
TOP OF THE 7TH |
Newark Black Sox batting - Pitching for Williamsport Greys : RHP Andy Araujo
|
Batting: RHB Adrien Perkins
|
0-0: Ball 1-0: Called Strike 1-1: Foul Ball, location: 2F 1-2: Ball 2-2: Strikes out swinging
|
Batting: RHB Ignacio Velasquez
|
0-0: Ball 1-0: Called Strike 1-1: Swinging Strike 1-2: Ball 2-2: Ground out 6-3 (Groundball, 6, EV 105.0 MPH)
|
Batting: RHB Jerry Bendorf
|
0-0: Called Strike 0-1: Ball 1-1: Ball 2-1: Foul Ball, location: 2F 2-2: Ball 3-2: Base on Balls
|
Pitching: LHP Antonio Chavez
|
|
Pinch Hitting: RHB Thomas Merkle
|
0-0: Foul Ball, location: 2F 0-1: Ball 1-1: Swinging Strike 1-2: Strikes out looking
|
Top of the 7th over - 0 runs, 0 hits, 0 errors, 1 left on base; Newark 0 - Williamsport 1 |
BOTTOM OF THE 7TH |
Williamsport Greys batting - Pitching for Newark Black Sox : RHP Tony Gomez
|
Now in LF: Thomas Merkle
|
|
Batting: RHB Samuel Dotson
|
0-0: Ball 1-0: Fly out, F5 (Flyball, 5D, EV 91.3 MPH)
|
Batting: RHB Brad Luther
|
0-0: Ball 1-0: Called Strike 1-1: Ball 2-1: Ball 3-1: Base on Balls
|
Batting: RHB Omar Garcia
|
0-0: Foul Ball, location: 2F 0-1: Foul Ball, location: 2F 0-2: Foul Ball, location: 2F 0-2: Ball 1-2: Foul Ball, location: 2F 1-2: Fielders Choice at 2nd, U6 (Groundball, 4MD, EV 85.0 MPH)
|
Batting: SHB Chris Howard
|
0-0: Called Strike Omar Garcia steals 2nd base (no throw) 0-1: Foul Ball, location: 2F 0-2: Ball 1-2: Ball 2-2: Foul Ball, location: 2F 2-2: Fly out, F9 (Flyball, 89D, EV 103.8 MPH)
|
Bottom of the 7th over - 0 runs, 0 hits, 0 errors, 1 left on base; Newark 0 - Williamsport 1 |
TOP OF THE 8TH |
Newark Black Sox batting - Pitching for Williamsport Greys : LHP Antonio Chavez
|
Batting: RHB Danny Griffin
|
0-0: Foul Ball, location: 2F 0-1: Ball 1-1: Fly out, F8 (Flyball, 8RM, EV 88.8 MPH)
|
Batting: RHB Orlando Gonzalez
|
0-0: Ball
|
|
|
|
1-0: Foul Ball, location: 2F 1-1: Foul Ball, location: 2F 1-2: Foul Ball, location: 2F 1-2: Foul Ball, location: 2F 1-2: SINGLE (Groundball, 6MD, EV 96.9 MPH)
|
Pitching: RHP Jose Zamora
|
|
Batting: RHB Rafael Belliard
|
0-0: Fly out, F4 (Popup, 34, EV 81.9 MPH)
|
Batting: RHB Ellis Burks
|
0-0: Called Strike 0-1: Ball 1-1: Ball 2-1: Ball 3-1: Base on Balls Orlando Gonzalez to second
|
Pinch Hitting: RHB Paul Bradley
|
0-0: Ball 1-0: Ball 2-0: SINGLE (Groundball, 6MD, EV 101.9 MPH) Orlando Gonzalez to third Ellis Burks to second Runner from 3rd tries for Home, SAFE, throw by CF to home
|
Batting: RHB Adrien Perkins
|
0-0: Ball 1-0: DOUBLE (Flyball, 9LD, EV 106.3 MPH) Ellis Burks scores Paul Bradley to third
|
Batting: RHB Ignacio Velasquez
|
0-0: Ball 1-0: Swinging Strike 1-1: Fly out, F4 (Flyball, 34D, EV 93.8 MPH)
|
Top of the 8th over - 2 runs, 3 hits, 0 errors, 2 left on base; Newark 2 - Williamsport 1 |
BOTTOM OF THE 8TH |
Williamsport Greys batting - Pitching for Newark Black Sox : RHP Tony Gomez
|
Pitching: RHP Jeff Innis
|
|
Now at C: Paul Bradley
|
|
Batting: LHB Angel Bayron
|
0-0: Foul Ball, location: 2F 0-1: Called Strike 0-2: Foul Ball, location: 2F 0-2: Ball 1-2: Strikes out swinging
|
Batting: RHB Rodney Martin
|
0-0: Ball 1-0: Ball 2-0: Called Strike 2-1: Fly out, F8 (Line Drive, 8LD, EV 92.5 MPH)
|
Batting: RHB Doug Carpenter
|
0-0: Ball 1-0: Called Strike 1-1: Swinging Strike 1-2: Strikes out swinging, 2-3 out at first.
|
Bottom of the 8th over - 0 runs, 0 hits, 0 errors, 0 left on base; Newark 2 - Williamsport 1 |
TOP OF THE 9TH |
Newark Black Sox batting - Pitching for Williamsport Greys : RHP Jose Zamora
|
Pitching: LHP Pedro Lopez
|
|
Batting: RHB Jerry Bendorf
|
0-0: Called Strike 0-1: Ball 1-1: Ball 2-1: Foul Ball, location: 2F 2-2: Ball 3-2: SINGLE (Line Drive, 8LS, EV 93.8 MPH)
|
Batting: RHB Thomas Merkle
|
0-0: Called Strike 0-1: Swinging Strike 0-2: Ball 1-2: Strikes out looking
|
Batting: RHB Danny Griffin
|
0-0: Fly out, F9 (Flyball, 9D, EV 97.5 MPH)
|
Batting: RHB Orlando Gonzalez
|
0-0: Called Strike 0-1: Ball 1-1: Foul Ball, location: 2F 1-2: Fly out, F7 (Flyball, 7LS, EV 90.6 MPH)
|
Top of the 9th over - 0 runs, 1 hit, 0 errors, 1 left on base; Newark 2 - Williamsport 1 |
BOTTOM OF THE 9TH |
Williamsport Greys batting - Pitching for Newark Black Sox : RHP Jeff Innis
|
Batting: SHB Edwin Darling
|
0-0: Ball 1-0: Ball 2-0: Ball 3-0: Base on Balls
|
Pinch Hitting: SHB Bruce Stocker
|
0-0: Sac Bunt to 23 - play at first, batter safe! Edwin Darling to second
|
Pinch Hitting: LHB Bobby Buchanon
|
0-0: Bunt - Flyout to P! F1
|
Pinch Hitting: SHB James Allen
|
0-0: Called Strike 0-1: Fly out, F8 (Flyball, 78M, EV 83.8 MPH)
|
Batting: RHB Omar Garcia
|
0-0: Ball 1-0: Foul Ball, location: 2F 1-1: Called Strike 1-2: Foul Ball, location: 2F 1-2: Fielders Choice at 2nd, 6-4 (Groundball, 6, EV 104.4 MPH)
|
Bottom of the 9th over - 0 runs, 1 hit, 0 errors, 2 left on base; Newark 2 - Williamsport 1 |
 |
Friday, August 7th, 2020 - OOTP Baseball 21.5 Build 76
|
|